MLB
SEATTLE MARINERS @ OAKLAND ATHLETICS
08/19/2099
 
TOP OF THE 1ST
Seattle Mariners batting - Pitching for Oakland Athletics : LHP Ray Gehring
Pitching: LHP Ray Gehring
Batting: RHB Jonathan Becktell 0-0: Ball
1-0: Ball
2-0: Ball
3-0: Base on Balls
Batting: RHB Jaime Callahan 0-0: Ball
1-0: Ball
2-0: Grounds into double play, 5-4-3 (Groundball, 15, EV 85.6 MPH)
Batting: SHB John Brownfield 0-0: Foul Ball, location: 23F
0-1: Swinging Strike
0-2: SINGLE (Line Drive, 78S, EV 96.3 MPH)
Batting: RHB Anton Ortega 0-0: Called Strike
0-1: Swinging Strike
0-2: Ball
1-2: SINGLE (Groundball, 4MD, EV 106.9 MPH)
John Brownfield to second
Runner from 2nd tries for 3rd, SAFE, throw by CF made to third
Batting: RHB Bill Larimer 0-0: Called Strike
0-1: Ball
1-1: Foul Ball, location: 2F
1-2: Ground out 4-3 (Groundball, 4, EV 86.3 MPH)
Top of the 1st over - 0 runs, 2 hits, 0 errors, 2 left on base; Seattle 0 - Oakland 0
BOTTOM OF THE 1ST
Oakland Athletics batting - Pitching for Seattle Mariners : LHP Armando Baisa
Pitching: LHP Armando Baisa
Batting: LHB Ryan Tipton 0-0: Called Strike
0-1: Bunt for hit to 2L - play at first, batter OUT! 2-3
Batting: RHB Joey George 0-0: Ball
1-0: Called Strike
1-1: Ground out 1-3 (Groundball, 13S, EV 76.9 MPH)
Batting: LHB Pat Wilson 0-0: Called Strike
0-1: Ball
1-1: Foul Ball, location: 2F
1-2: Ball
2-2: Foul Ball, location: 2F
2-2: Fly out, F7 (Flyball, 78S, EV 80.0 MPH)
Bottom of the 1st over - 0 runs, 0 hits, 0 errors, 0 left on base; Seattle 0 - Oakland 0
TOP OF THE 2ND
Seattle Mariners batting - Pitching for Oakland Athletics : LHP Ray Gehring
Batting: RHB Janani Sulaiman 0-0: Ball
1-0: Swinging Strike
1-1: Foul Ball, location: 5F
1-2: Ball
2-2: Ball
3-2: Strikes out swinging
Batting: RHB Joe Weber 0-0: Foul Ball, location: 5F
0-1: Ground out 6-3 (Groundball, 6MS, EV 90.6 MPH)
Batting: LHB Juan Aranda 0-0: Ball
1-0: Called Strike
1-1: Foul Ball, location: 3SF
1-2: Ball
2-2: Foul Ball, location: 2F
2-2: Ball
3-2: Strikes out swinging
Top of the 2nd over - 0 runs, 0 hits, 0 errors, 0 left on base; Seattle 0 - Oakland 0
BOTTOM OF THE 2ND
Oakland Athletics batting - Pitching for Seattle Mariners : LHP Armando Baisa
Batting: LHB Ivan Suarez 0-0: Fly out, F8 (Flyball, 89XD, EV 111.9 MPH)
Batting: RHB Randy Fowler 0-0: Ball
1-0: Ball
2-0: Swinging Strike
2-1: Foul Ball, location: 3F
2-2: Strikes out looking
Batting: LHB Steve Tocci 0-0: Ball
1-0: SINGLE (Groundball, 6MD, EV 101.9 MPH)
Batting: RHB David Reichel 0-0: Ball
1-0: Swinging Strike
1-1: Called Strike
1-2: Ball
2-2: Foul Ball, location: 2F
2-2: Ball
3-2: Strikes out looking
Bottom of the 2nd over - 0 runs, 1 hit, 0 errors, 1 left on base; Seattle 0 - Oakland 0
TOP OF THE 3RD
Seattle Mariners batting - Pitching for Oakland Athletics : LHP Ray Gehring
Batting: LHB Jon Garza 0-0: Called Strike
0-1: Ball
1-1: Ball
2-1: Called Strike
2-2: Foul Ball, location: 25FF
2-2: Ground out 5-3 (Groundball, 5, EV 86.9 MPH)
Batting: RHB Jonathan Becktell 0-0: Ball
1-0: Called Strike
1-1: Ball
2-1: Ball
3-1: Called Strike
3-2: Base on Balls
Batting: RHB Jaime Callahan 0-0: Swinging Strike
0-1: Foul Ball, location: 5DF
0-2: Strikes out swinging
Batting: SHB John Brownfield 0-0: Called Strike
0-1: Ball
1-1: Ball
2-1: Ball
3-1: Fly out, F6 (Popup, 6M, EV 65.0 MPH)
Top of the 3rd over - 0 runs, 0 hits, 0 errors, 1 left on base; Seattle 0 - Oakland 0
BOTTOM OF THE 3RD
Oakland Athletics batting - Pitching for Seattle Mariners : LHP Armando Baisa
Pitching: RHP Ernie Lydon
Batting: LHB Gene Del Vecchio 0-0: Ball
1-0: Swinging Strike
1-1: Ball
2-1: TRIPLE (Flyball, 78XD, EV 110.0 MPH)
Batting: RHB Tom Karr 0-0: Ball
1-0: Ball
2-0: Called Strike
2-1: Ball
3-1: Foul Ball, location: 9LDF
3-2: Base on Balls
Batting: LHB Ryan Tipton 0-0: Swinging Strike
0-1: Ball
1-1: Called Strike
1-2: Ball
2-2: Strikes out looking
Batting: RHB Joey George 0-0: Called Strike
Tom Karr steals 2nd base
0-1: Ball
1-1: SINGLE (Groundball, 34, EV 106.9 MPH) (infield hit)
Gene Del Vecchio scores
Tom Karr to third
Batting: LHB Pat Wilson 0-0: Ball
1-0: Foul Ball, location: 7LDF
1-1: Ball
2-1: Fly out, F6 (Popup, 6, EV 76.9 MPH)
Batting: LHB Ivan Suarez 0-0: Called Strike
0-1: Ball
1-1: Swinging Strike
1-2: Strikes out swinging
Bottom of the 3rd over - 1 run, 2 hits, 0 errors, 2 left on base; Seattle 0 - Oakland 1
TOP OF THE 4TH
Seattle Mariners batting - Pitching for Oakland Athletics : LHP Ray Gehring
Batting: RHB Anton Ortega 0-0: Ball
1-0: Ball
2-0: Ball
3-0: Called Strike
3-1: Swinging Strike
3-2: Foul Ball, location: 9LMF
3-2: Strikes out swinging
Batting: RHB Bill Larimer 0-0: Swinging Strike
0-1: Foul Ball, location: 2F
0-2: Ball
1-2: Fly out, F8 (Flyball, 8RXD, EV 110.6 MPH)
Batting: RHB Janani Sulaiman 0-0: SINGLE (Groundball, 4MD, EV 96.9 MPH)
Batting: RHB Joe Weber 0-0: Called Strike
0-1: Foul Ball, location: 2F
0-2: Ball
1-2: Foul Ball, location: 9LSF
1-2: Ball
2-2: Strikes out swinging
Top of the 4th over - 0 runs, 1 hit, 0 errors, 1 left on base; Seattle 0 - Oakland 1
BOTTOM OF THE 4TH
Oakland Athletics batting - Pitching for Seattle Mariners : RHP Ernie Lydon
Batting: RHB Randy Fowler 0-0: Reached on error, E9 (Flyball, 9, EV 87.5 MPH)
Batting: LHB Steve Tocci 0-0: Ball
1-0: Ball
2-0: Foul Ball, location: 5DF
2-1: Swinging Strike
2-2: Ball
3-2: Base on Balls
Randy Fowler to second
Batting: RHB David Reichel 0-0: Ball
1-0: Grounds into double play, 6-4-3 (Groundball, 6, EV 82.5 MPH)
Randy Fowler to third
Batting: LHB Gene Del Vecchio 0-0: Ball
1-0: Foul Ball, location: 2F
1-1: Ground out 4-3 (Groundball, 4, EV 86.3 MPH)
Bottom of the 4th over - 0 runs, 0 hits, 1 error, 1 left on base; Seattle 0 - Oakland 1
TOP OF THE 5TH
Seattle Mariners batting - Pitching for Oakland Athletics : LHP Ray Gehring
Batting: LHB Juan Aranda 0-0: Swinging Strike
0-1: Ball
1-1: Foul Ball, location: 5DF
1-2: Ball
2-2: Foul Ball, location: 5DF
2-2: Foul Ball, location: 23FF
2-2: Foul Ball, location: 2F
2-2: Ground out 4-3 (Groundball, 4, EV 80.6 MPH)
Batting: LHB Jon Garza 0-0: Ball
1-0: DOUBLE (Line Drive, 3D, EV 95.6 MPH)
Batting: RHB Jonathan Becktell 0-0: Fly out, F7 (Flyball, 7D, EV 89.4 MPH)
Runner from 2nd tags up, SAFE at 3rd, no throw by LF
Batting: RHB Jaime Callahan 0-0: Called Strike
0-1: Ball
1-1: Ball
2-1: Called Strike
2-2: Foul Ball, location: 25F
2-2: Fly out, F3 (Popup, 3SF, EV 73.1 MPH)
Top of the 5th over - 0 runs, 1 hit, 0 errors, 1 left on base; Seattle 0 - Oakland 1
BOTTOM OF THE 5TH
Oakland Athletics batting - Pitching for Seattle Mariners : RHP Ernie Lydon
Pitching: RHP Gustavo Becerra
Batting: RHB Tom Karr 0-0: Called Strike
0-1: Swinging Strike
0-2: Ball
1-2: Ball
2-2: Foul Ball, location: 9LSF
2-2: Foul Ball, location: 2F
2-2: Fly out, F3 (Popup, 3SF, EV 75.0 MPH)
Batting: LHB Ryan Tipton 0-0: Swinging Strike
0-1: Ball
1-1: Swinging Strike
1-2: Foul Ball, location: 3FF
1-2: Foul Ball, location: 9LDF
1-2: Strikes out looking
Batting: RHB Joey George 0-0: Called Strike
0-1: Foul Ball, location: 3FF
0-2: Ball
1-2: Ball
2-2: Ball
3-2: SINGLE (Line Drive, 3D, EV 102.5 MPH)
Batting: LHB Pat Wilson 0-0: Called Strike
0-1: Ball
1-1: Ball
2-1: 2-RUN HOME RUN (Flyball, 8RXD, EV 105.0 MPH), Distance : 422 ft
Batting: LHB Ivan Suarez 0-0: Called Strike
0-1: Ball
1-1: SOLO HOME RUN (Flyball, 9LD, EV 96.3 MPH), Distance : 357 ft
Pitching: RHP Brad Thomas
Batting: RHB Randy Fowler 0-0: Ball
1-0: Ball
2-0: Foul Ball, location: 2F
2-1: SINGLE (Groundball, 56D, EV 95.6 MPH)
Batting: LHB Steve Tocci 0-0: Ball
1-0: Foul Ball, location: 2F
1-1: Ball
2-1: Ball
3-1: Base on Balls
Randy Fowler to second
Batting: RHB David Reichel 0-0: Ball
1-0: Called Strike
1-1: Ball
2-1: Foul Ball, location: 9LSF
2-2: Strikes out swinging
Bottom of the 5th over - 3 runs, 4 hits, 0 errors, 2 left on base; Seattle 0 - Oakland 4
TOP OF THE 6TH
Seattle Mariners batting - Pitching for Oakland Athletics : LHP Ray Gehring
Batting: SHB John Brownfield 0-0: Ball
1-0: Foul Ball, location: 5F
1-1: Called Strike
1-2: SINGLE (Line Drive, 78M, EV 105.6 MPH)
Batting: RHB Anton Ortega 0-0: Called Strike
0-1: Fly out, F9 (Flyball, 9D, EV 96.9 MPH)
Batting: RHB Bill Larimer 0-0: Foul Ball, location: 9LMF
0-1: Ball
1-1: Ground out U3 (Groundball, 3S, EV 65.6 MPH)
John Brownfield to second
Batting: RHB Janani Sulaiman 0-0: DOUBLE (Line Drive, 89D, EV 97.5 MPH)
John Brownfield scores
Batting: RHB Joe Weber 0-0: Ground out 6-3 (Groundball, 6, EV 100.6 MPH)
Top of the 6th over - 1 run, 2 hits, 0 errors, 1 left on base; Seattle 1 - Oakland 4
BOTTOM OF THE 6TH
Oakland Athletics batting - Pitching for Seattle Mariners : RHP Brad Thomas
Batting: LHB Gene Del Vecchio 0-0: Called Strike
0-1: Ball
1-1: Ball
2-1: Foul Ball, location: 2F
2-2: Ball
3-2: Ground out 5-3 (Groundball, 5L, EV 83.8 MPH)
Batting: RHB Tom Karr 0-0: Ball
1-0: Ball
2-0: Called Strike
2-1: Foul Ball, location: 5FF
2-2: Strikes out swinging
Batting: LHB Ryan Tipton 0-0: Swinging Strike
0-1: Swinging Strike
0-2: Strikes out looking
Bottom of the 6th over - 0 runs, 0 hits, 0 errors, 0 left on base; Seattle 1 - Oakland 4
TOP OF THE 7TH
Seattle Mariners batting - Pitching for Oakland Athletics : LHP Ray Gehring
Batting: LHB Juan Aranda 0-0: Ball
1-0: Foul Ball, location: 2F
1-1: Called Strike
1-2: Strikes out looking
Batting: LHB Jon Garza 0-0: Ball
1-0: Ball
2-0: Foul Ball, location: 7LDF
2-1: Foul Ball, location: 2F
2-2: Ball
3-2: Fly out, F7 (Flyball, 7S, EV 83.8 MPH)
Batting: RHB Jonathan Becktell 0-0: Called Strike
0-1: Foul Ball, location: 5FF
0-2: Ball
1-2: Ground out 6-3 (Groundball, 4M, EV 89.4 MPH)
Top of the 7th over - 0 runs, 0 hits, 0 errors, 0 left on base; Seattle 1 - Oakland 4
BOTTOM OF THE 7TH
Oakland Athletics batting - Pitching for Seattle Mariners : RHP Brad Thomas
Pitching: RHP Danny Enriquez
Batting: RHB Joey George 0-0: Called Strike
0-1: Swinging Strike
0-2: Ball
1-2: Foul Ball, location: 2F
1-2: Strikes out looking
Batting: LHB Pat Wilson 0-0: Ball
1-0: Ground out 4-3 (Groundball, 34D, EV 100.0 MPH)
Batting: LHB Ivan Suarez 0-0: Ball
1-0: Ball
2-0: Ball
3-0: Called Strike
3-1: Ground out U3 (Groundball, 34, EV 90.6 MPH)
Bottom of the 7th over - 0 runs, 0 hits, 0 errors, 0 left on base; Seattle 1 - Oakland 4
TOP OF THE 8TH
Seattle Mariners batting - Pitching for Oakland Athletics : LHP Ray Gehring
Pitching: RHP Ken Iddiols
Batting: RHB Jaime Callahan 0-0: Ball
1-0: Ball
2-0: Ground out 6-3 (Groundball, 6, EV 104.4 MPH)
Batting: SHB John Brownfield 0-0: Ground out 1-3 (Groundball, 13S, EV 74.4 MPH)
Batting: RHB Anton Ortega 0-0: Ball
1-0: Swinging Strike
1-1: Swinging Strike
1-2: Ball
2-2: Foul Ball, location: 2F
2-2: Ball
3-2: Strikes out swinging
Top of the 8th over - 0 runs, 0 hits, 0 errors, 0 left on base; Seattle 1 - Oakland 4
BOTTOM OF THE 8TH
Oakland Athletics batting - Pitching for Seattle Mariners : RHP Danny Enriquez
Batting: RHB Randy Fowler 0-0: Called Strike
0-1: Ball
1-1: Fly out, F8 (Line Drive, 8LM, EV 91.3 MPH)
Batting: LHB Steve Tocci 0-0: Called Strike
0-1: Ball
1-1: Foul Ball, location: 2F
1-2: Strikes out swinging
Batting: RHB David Reichel 0-0: Fly out, F9 (Line Drive, 89M, EV 91.9 MPH)
Bottom of the 8th over - 0 runs, 0 hits, 0 errors, 0 left on base; Seattle 1 - Oakland 4
TOP OF THE 9TH
Seattle Mariners batting - Pitching for Oakland Athletics : RHP Ken Iddiols
Pitching: RHP Jim Watson
Now in RF: Kyle O'Connor
Batting: RHB Bill Larimer 0-0: Ball
1-0: Ball
2-0: Ground out 4-3 (Groundball, 4, EV 85.6 MPH)
Pinch Hitting: LHB Omar Perez 0-0: Called Strike
0-1: Swinging Strike
0-2: Foul Ball, location: 5SF
0-2: Strikes out swinging
Batting: RHB Joe Weber 0-0: Ball
1-0: Called Strike
1-1: Called Strike
1-2: Ball
2-2: Strikes out looking
Top of the 9th over - 0 runs, 0 hits, 0 errors, 0 left on base; Seattle 1 - Oakland 4
Wednesday, May 15th , 2024 - OOTP Baseball 24.11 Build 85